 Dungeon Crawl Stone Soup version 0.23.2-1-ga50397a6bc (webtiles) character file.

Game seed: 7249048221726406585

144 buli the Covered (level 5, 0/41 HPs)
             Began as a Human Fighter on May 25, 2019.
             Slain by Menkaure (9 damage)
             ... on level 4 of the Dungeon.
             The game lasted 00:15:27 (2323 turns).

buli the Covered (Human Fighter)                    Turns: 2323, Time: 00:15:28

Health: 0/41       AC:  8    Str: 17    XL:     5   Next: 52%
Magic:  5/5        EV:  7    Int:  9    God:
Gold:   34         SH:  9    Dex: 12    Spells: 4/4 levels left

rFire    . . .     SeeInvis .   a - +0 flail
rCold    . . .     Gourm    .   c - +0 shield
rNeg     . . .     Faith    .   b - +0 scale mail
rPois    .         Spirit   .   (no helmet)
rElec    .         Reflect  .   j - +0 cloak
rCorr    .         Harm     .   (no gloves)
MR       .....                  (no boots)
Stlth    ..........             m - amulet of rage
HPRegen  0.13/turn              (no ring)
MPRegen  0.09/turn              (no ring)

@: no status effects
A: no striking features
a: Evoke Berserk Rage


You were on level 4 of the Dungeon.
You were not hungry.

You visited 1 branch of the dungeon, and saw 3 of its levels.

You collected 34 gold pieces.

Inventory:

Hand Weapons
 a - a +0 flail (weapon)
 g - a +0 club
 l - a +0 club
 q - a +0 club
 r - a +0 club
 v - a +0 club
 w - a +0 hunting sling
Missiles
 t - 34 stones (quivered)
Armour
 b - a +0 scale mail (worn)
 c - a +0 shield (worn)
 j - a +0 cloak (worn)
 n - a +0 ring mail
 x - a +0 ring mail
Jewellery
 m - an amulet of rage (around neck)
Wands
 y - a wand of digging (7)
Scrolls
 e - 2 scrolls of identify {unknown}
 p - a scroll of immolation {unknown}
 s - 2 scrolls of fog {unknown}
Potions
 d - a potion of might
 h - a potion of lignification {unknown}
 i - a potion of cancellation {unknown}
 k - a potion of agility {unknown}
 o - a potion of berserk rage {unknown}
Comestibles
 f - 4 rations


   Skills:
 + Level 3.3 Fighting
 + Level 3.5 Maces & Flails
 + Level 4.0 Armour
 + Level 0.8 Dodging
 + Level 0.1 Stealth
 + Level 3.5 Shields


You had 4 spell levels left.
You didn't know any spells.
Your spell library was empty.

Dungeon Overview and Level Annotations

Branches:
Dungeon (2/15)

Altars:

Annotations:
D:4 Menkaure


Message History

The jackal skeleton bites you but does no damage.
You sock the jackal skeleton!
You destroy the jackal skeleton!
Menkaure barely misses you.
You hit Menkaure.
Menkaure is lightly damaged.
Menkaure hits you.
Your scale mail prevents you from hitting Menkaure.
Menkaure is lightly damaged.
You block Menkaure's attack.
Menkaure gestures at you while chanting.
Pain shoots through your body!
* * * LOW HITPOINT WARNING * * *
You sock Menkaure!
Menkaure is heavily damaged.
Menkaure closely misses you.
You hit Menkaure but do no damage.
Menkaure is heavily damaged.
Menkaure hits you but does no damage. Menkaure hits you!
You die...

#.##...........#
#.##.#.......#..#
#....##.....###...
####.####.......# ###
####....# #.......#
...#....##.# #.......#
.......?##.########+###
.........#.#....#
(..........M@#
>........#.###
........##...
...#...####### #######


You could see Menkaure.

Vanquished Creatures
  A worker ant (D:4)
  6 adders (D:2)
  An ooze (D:2)
  An adder skeleton (D:4)
  A worm (D:2)
  2 dart slugs (D:1)
  2 leopard geckos (D:2)
  5 giant cockroaches
  4 goblins
  3 hobgoblins
  6 jackals (D:1)
  A quokka (D:2)
  A ball python (D:2)
  4 bats
  9 frilled lizards (D:2)
  A jackal skeleton (D:4)
  5 kobolds
  2 rats
  2 bushes (D:1)
57 creatures vanquished.

Notes
Turn   | Place    | Note
-------+----------+-------------------------------------------
     0 | D:1      | buli the Human Fighter began the quest for the Orb.
     0 | D:1      | Reached XP level 1. HP: 18/18 MP: 1/1
   285 | D:1      | Reached XP level 2. HP: 20/24 MP: 2/2
   928 | D:1      | Reached XP level 3. HP: 27/29 MP: 3/3
  1596 | D:2      | Reached XP level 4. HP: 12/35 MP: 4/4
  1896 | D:2      | Reached skill level 4 in Armour
  2017 | D:2      | Reached XP level 5. HP: 38/41 MP: 5/5
  2164 | D:2      | You fall through a shaft for 2 floors!
  2308 | D:4      | Noticed Menkaure
  2323 | D:4      | Slain by Menkaure

Skill      XL: |  1  2  3  4  5 |
---------------+----------------+-----
Armour         | 4 |  4.0
Maces & Flails | 3 |  3.5
Fighting       | |  3.3
Dodging        | |  0.8
Stealth        | |  0.1
Shields        | |  3.5

Action                   |  1- 3 |  4- 6 || total
-------------------------+-------+-------++-------
Melee: Flail             |   241 |    97 ||   338
  Eat: Ration            |     1 |     1 ||     2
Armor: Scale mail        |    59 |    43 ||   102
Dodge: Dodged            |    29 |    34 ||    63
Block: Shield            |    42 |    44 ||    86
